General information
- name: BNet
- type: Ladder 1vs1/FFA
- host: Battle.net
- saver: MaSiWei
map: PlunderIsle_LV
- players: 2
- length: 10:19
- speed: Fast
- version: 1.30 W3XP
- replay type: Public
» download(68 KB)
Players
team 1 (winner)
MaSiWei (
yellow | 177 APM | 1828 actions | 10:19)
2 Death Knight
1 Death Coil
1 Unholy Aura
1 Lich
1 Frost Nova
» actions
| Assign group hotkey | 16 | |
| Basic commands | 42 | |
| Build / train | 28 | |
| ESC pressed | 1 | |
| Enter build submenu | 14 | |
| Enter hero's abilities submenu | 3 | |
| Right click | 1001 | |
| Select / deselect | 210 | |
| Select group hotkey | 477 | |
| Use ability | 36 | |
1828 total
» units
| Acolyte | 2 | |
| Ghoul | 7 | |
| Obsidian Statue | 1 | |
| Gargoyle | 2 | |
12 total
» upgrades
| Unholy Strength | 1 | |
| Ghoul Frenzy | 1 | |
2 total
» buildings
| Crypt | 2 | |
| Altar of Darkness | 1 | |
| Ziggurat | 4 | |
| Tomb of Relics | 1 | |
| Graveyard | 1 | |
| Halls of the Dead | 1 | |
| Slaughterhouse | 1 | |
| Black Citadel | 1 | |
12 total
» build order
00:07 Crypt
00:11 Altar of Darkness
00:23 Ziggurat
00:50 Tomb of Relics
01:31 Graveyard
01:57 Ziggurat
03:12 Halls of the Dead
03:39 Ziggurat
04:38 Ziggurat
05:42 Slaughterhouse
06:27 Black Citadel
09:19 Crypt
» items
| Rod of Necromancy | 1 | |
| Potion of Healing | 2 | |
| Potion of Mana | 1 | |
| Scroll of Town Portal | 1 | |
| Orb of Corruption | 1 | |
6 total
team 2 (loser)
SleepyOwlzy (
green | 101 APM | 1041 actions | 10:17)
1 Priestess of the Moon
1 Trueshot Aura
1 Keeper of the Grove
1 Entangling Roots
» actions
| Assign group hotkey | 65 | |
| Basic commands | 46 | |
| Build / train | 39 | |
| Enter build submenu | 12 | |
| Enter hero's abilities submenu | 2 | |
| Remove unit from queue | 1 | |
| Right click | 514 | |
| Select / deselect | 173 | |
| Select group hotkey | 168 | |
| Use ability | 21 | |
1041 total
» units
| Wisp | 12 | |
| Archer | 11 | |
| Hippogryph | 2 | |
25 total
» upgrades
| Ultravision | 1 | |
| Strength of the Moon | 1 | |
| Improved Bows | 1 | |
| Moon Armor | 1 | |
4 total
» buildings
| Altar of Elders | 1 | |
| Moon Well | 4 | |
| Ancient of War | 2 | |
| Tree of Ages | 1 | |
| Hunter's Hall | 1 | |
| Ancient of Wonders | 1 | |
| Ancient of Wind | 1 | |
11 total
» build order
00:10 Altar of Elders
00:34 Moon Well
00:43 Ancient of War
01:34 Moon Well
02:18 Moon Well
03:21 Moon Well
04:38 Tree of Ages
04:43 Hunter's Hall
05:12 Ancient of Wonders
06:45 Ancient of War
07:23 Ancient of Wind
» items
| Moonstone | 1 | |
| Lesser Clarity Potion | 1 | |
| Staff of Preservation | 2 | |
4 total
Chat log
(00:22 / All) SleepyOwlzy: glhf